 Dungeon Crawl Stone Soup version 0.29.0-4-gdea44cf6ec (webtiles) character file.

Game seed: 882706991225257021

108 qw the Chopper (level 4, 0/26 HPs)
             Began as a Tengu Warper on Aug 28, 2022.
             Killed by nerve-wracking pain
             ... invoked by an orc priest
              (10 damage)
             ... on level 3 of the Dungeon.
             The game lasted 00:00:15 (2661 turns).

qw the Chopper (Tengu Warper)                       Turns: 2661, Time: 00:00:15

Health: 0/26       AC:  5    Str: 13    XL:     4   Next: 87%
Magic:  8/8        EV: 11    Int: 14    God:
Gold:   60         SH:  0    Dex: 13    Spells: 7/7 levels left

rFire   . . .      SeeInvis .   Y - +0 hand axe
rCold   . . .      Faith    .   (no shield)
rNeg    . . .      Spirit   .   f - +0 ring mail
rPois   .          Reflect  .   (helmet restricted)
rElec   .          Harm     .   (no cloak)
rCorr   .          Rampage  .   (no gloves)
Will    .....                   (boots unavailable)
Stlth   +.........              (no amulet)
HPRegen 0.08/turn               (no ring)
MPRegen 0.11/turn               (no ring)

@: no status effects
A: beak, talons 3
a: no special abilities


You were on level 3 of the Dungeon.
You visited 1 branch of the dungeon, and saw 3 of its levels.

You collected 60 gold pieces.


Innate Abilities, Weirdness & Mutations

You have a beak for a mouth.
You have claws for feet.


   Skills:
 - Level 2.0 Fighting
 + Level 5.4 Axes
 - Level 1.0 Throwing
 - Level 1.1 Armour
 - Level 2.1 Dodging
 - Level 2.0 Spellcasting
 - Level 2.4 Translocations


You had 7 spell levels left.
You didn't know any spells.
Your spell library contained the following spells:

 Spells                   Type           Power      Damage    Failure   Level
 Blink                    Tloc           16%        N/A       28%         2
 Gell's Gravitas          Tloc           8%         N/A       50%         3
 Lesser Beckoning         Tloc           8%         N/A       50%         3
 Teleport Other           Tloc           8%         N/A       50%         3
 Manifold Assault         Tloc           8%         N/A       99%         5

Inventory:

Hand Weapons
 k - a +0 flail
 Y - a +0 hand axe (weapon)
Armour
 f - a +0 ring mail (worn)
Scrolls
 a - a scroll of identify
 c - a scroll of teleportation
Potions
 b - a potion of invisibility {unknown}
 d - a potion of curing
 e - a potion of attraction {unknown}
 j - a potion of haste

Dungeon Overview and Level Annotations

Branches:
Dungeon (3/15)

Altars:

Shops:
D:2 (

Annotations:
D:2 1 runed translucent door, Crazy Yiuf, Natasha


Message History

The orc attacks as you move away! The orc hits you with a +0 dagger.
You hit the orc but do no damage. You claw the orc.
You kill the orc!
You completely miss the goblin. The goblin hits you but does no damage.
You hit the goblin.
You kill the goblin!
You hit the orc but do no damage. You hit the orc but do no damage.
Your kick misses the orc. The orc hits you with a +0 dagger.
You hit the orc. You claw the orc.
You kill the orc!
You hit the orc.
The orc priest mumbles some strange prayers to Beogh against you.
Beogh smites you! The orc hits you with a +0 dagger.
You hit the orc but do no damage. Your kick misses the orc.
The orc is lightly wounded.
The orc closely misses you.
The orc priest looks encouraged for a moment.
You hit the orc but do no damage. You claw the orc.
You kill the orc!
The orc priest barely misses you.
There is an open door here.
Items here: % )) [.
You barely miss the orc priest. Your kick misses the orc priest.
The orc priest barely misses you.
You barely miss the orc priest. Your kick misses the orc priest.
The orc priest hits you with a +0 dagger.
You hit the orc priest. Your peck misses the orc priest.
The orc priest is lightly wounded.
The orc priest barely misses you.
You hit the orc priest but do no damage.
You claw the orc priest.
The orc priest is heavily wounded.
The orc priest hits you but does no damage.
You hit the orc priest. Your peck misses the orc priest.
The orc priest is heavily wounded.
The orc priest invokes the aid of Beogh against you.
Pain shoots through your body!
You die...

######
######....#.############
.....%...........o....<.
##.###.##+#+####@####
<..# #.......##.)...#
.### #...[...##...#.#
.#...........##...#.#
.#.####...........#.. .#
#............#### ..
..............# ##
.##.......##...#
....######...#


You could see an orc priest.

Vanquished Creatures
  Natasha (D:2)
  A worm (D:2)
  3 dart slugs
  6 orcs
  6 endoplasms
  8 giant cockroaches
  9 goblins
  4 hobgoblins (D:1)
  A jackal (D:1)
  6 ball pythons
  4 bats
  5 frilled lizards
  6 kobolds (D:1)
  3 rats (D:1)
63 creatures vanquished.

Notes
Turn   | Place    | Note
-------+----------+-------------------------------------------
     0 | D:1      | qw the Tengu Warper began the quest for the Orb.
     0 | D:1      | Reached XP level 1. HP: 12/12 MP: 4/4
     0 | D:1      | 0 ||| qw: Version: 0.1-a-89-g26bdef1
     0 | D:1      | 0 ||| qw: Game counter: 1196
     0 | D:1      | 0 ||| qw: Always use a shield: true
     0 | D:1      | 0 ||| qw: God list: Okawaru
     0 | D:1      | 0 ||| qw: Allow faded altars: false
     0 | D:1      | 0 ||| qw: Do Orc after D:15 true
     0 | D:1      | 0 ||| qw: Do second Lair branch before Depths: true
     0 | D:1      | 0 ||| qw: Lair rune preference: random
     0 | D:1      | 0 ||| qw: Plans: Normal
     0 | D:1      | 0 ||| PLANNING D:1-11
     6 | D:1      | Noticed a wolf
     6 | D:1      | Noticed a polar bear
     6 | D:1      | Noticed a scorpion
     7 | D:1      | Noticed a swamp worm
     7 | D:1      | Noticed a snapping turtle
    29 | D:1      | 29 ||| Stepping ~*~*~tactically~*~*~ (stealth).
   122 | D:1      | Reached skill level 3 in Axes
   122 | D:1      | Reached XP level 2. HP: 17/17 MP: 6/6
   362 | D:1      | 362 ||| Stepping ~*~*~tactically~*~*~ (stealth).
   473 | D:1      | 473 ||| Stepping ~*~*~tactically~*~*~ (stealth).
   570 | D:1      | Reached XP level 3. HP: 19/21 MP: 7/7
   746 | D:1      | Reached skill level 4 in Axes
  1110 | D:1      | Found a faded altar of an unknown god.
  1177 | D:1      | 1177 ||| DROPPING +0 club.
  1178 | D:1      | 1178 ||| READING scroll labelled WUTHRI VUCEOG.
  1181 | D:1      | 1181 ||| READING scroll labelled TOKLEC TOEDIAD.
  1182 | D:1      | 1182 ||| READING scroll labelled QOWOVI NOKYTOMP.
  1183 | D:1      | 1183 ||| DRINKING 2 metallic silvery potions.
  1184 | D:1      | 1184 ||| DRINKING 2 glowing orange potions.
  1185 | D:1      | 1185 ||| DROPPING scroll of blinking.
  1186 | D:1      | 1186 ||| DROPPING potion of flight.
  1243 | D:2      | 1243 ||| Stepping ~*~*~tactically~*~*~ (hiding).
  1411 | D:2      | 1411 ||| Stepping ~*~*~tactically~*~*~ (hiding).
  1413 | D:2      | 1413 ||| Stepping ~*~*~tactically~*~*~ (hiding).
  1572 | D:2      | Reached XP level 4. HP: 26/26 MP: 8/8
  1732 | D:2      | Found Lugaafyw's Antique Weapon Emporium.
  1737 | D:2      | 1737 ||| SHOPLISTING war axe (98 gold, have 60).
  1892 | D:2      | Noticed Natasha
  1893 | D:2      | 1893 ||| Stepping ~*~*~tactically~*~*~ (hiding).
  1906 | D:2      | Killed Natasha
  1907 | D:2      | Reached skill level 5 in Axes
  1909 | D:2      | 1909 ||| FLEEEEING.
  1910 | D:2      | 1910 ||| FLEEEEING.
  1911 | D:2      | 1911 ||| FLEEEEING.
  1912 | D:2      | 1912 ||| FLEEEEING.
  1913 | D:2      | 1913 ||| FLEEEEING.
  1914 | D:2      | 1914 ||| FLEEEEING.
  1915 | D:2      | 1915 ||| FLEEEEING.
  1916 | D:2      | 1916 ||| FLEEEEING.
  1917 | D:2      | 1917 ||| FLEEEEING.
  1918 | D:2      | 1918 ||| FLEEEEING.
  1919 | D:2      | 1919 ||| FLEEEEING.
  1920 | D:2      | 1920 ||| FLEEEEING.
  1922 | D:2      | 1922 ||| FLEEEEING.
  1923 | D:2      | 1923 ||| FLEEEEING.
  1924 | D:2      | 1924 ||| FLEEEEING.
  1925 | D:2      | 1925 ||| FLEEEEING.
  1926 | D:2      | 1926 ||| FLEEEEING.
  1927 | D:2      | 1927 ||| FLEEEEING.
  1928 | D:2      | 1928 ||| FLEEEEING.
  1929 | D:2      | 1929 ||| STAIRDANCE
  2104 | D:1      | 2104 ||| DROPPING amulet of faith.
  2105 | D:1      | 2105 ||| DRINKING 2 golden potions.
  2137 | D:2      | 2137 ||| Stepping ~*~*~tactically~*~*~ (stealth).
  2139 | D:2      | 2139 ||| Stepping ~*~*~tactically~*~*~ (stealth).
  2140 | D:2      | 2140 ||| Stepping ~*~*~tactically~*~*~ (stealth).
  2397 | D:2      | Found a runed translucent door.
  2398 | D:2      | Noticed Crazy Yiuf
  2467 | D:2      | Noticed Natasha
  2468 | D:2      | 2468 ||| Stepping ~*~*~tactically~*~*~ (stealth).
  2469 | D:2      | 2469 ||| Stepping ~*~*~tactically~*~*~ (stealth).
  2470 | D:2      | 2470 ||| Stepping ~*~*~tactically~*~*~ (stealth).
  2471 | D:2      | 2471 ||| Stepping ~*~*~tactically~*~*~ (stealth).
  2559 | D:2      | 2559 ||| UPGRADING to +0 ring mail.
  2569 | D:2      | 2569 ||| DROPPING +0 leather armour.
  2649 | D:3      | 2649 ||| Stepping ~*~*~tactically~*~*~ (hiding).
  2661 | D:3      | Killed from afar by an orc priest

Levels and vault maps discovered:
D:1:      onia_arrival_zoo_common, layout_basic, ebering_ecumenical_altar_webs,
          st_stairs_9
D:2:      layout_loops_ring, serial_shops, shop_statue, moated_statue,
          uniq_natasha, uniq_crazy_yiuf_cottage
D:3:      kennysheep_goblin_castle, layout_basic, uniq_robin

Skill      XL: |  1  2  3  4 |
---------------+-------------+-----
Axes           | 3 4 5 |  5.4
Fighting       | |  2.0
Throwing       | |  1.0
Armour         | |  1.1
Dodging        | |  2.1
Spellcasting   | |  2.0
Translocations | |  2.4

Action                   |  1- 3 |  4- 6 || total
-------------------------+-------+-------++-------
Melee: Hand axe          |    90 |    49 ||   139
       Kick              |    25 |    12 ||    37
       Peck              |    13 |     8 ||    21
Throw: Boomerang         |     7 |       ||     7
  Use: Scroll            |     3 |       ||     3
       Potion            |     2 |     1 ||     3
Armor: Leather armour    |    14 |       ||    14
       Ring mail         |       |    11 ||    11
Dodge: Dodged            |    43 |    24 ||    67

Table legend:
 A = Non-vault XP
 B = Vault XP
 C = Vault XP percentage of total XP
 D = Non-vault monster count
 E = Vault monster count
 F = Vault count percentage of total count
                 A         B        C        D         E       F
            +---------+---------+-------+---------+---------+-------
      Total |     110 |      45 |  29.0 |      58 |       5 |   7.9
            +---------+---------+-------+---------+---------+-------
        D:1 |      50 |      10 |  16.7 |      31 |       4 |  11.4
        D:2 |      49 |      35 |  41.7 |      22 |       1 |   4.3
        D:3 |      11 |       0 |   0.0 |       5 |       0 |   0.0
            +---------+---------+-------+---------+---------+-------
